 Dungeon Crawl Stone Soup version 0.29.1-1-gd02db6906a (webtiles) character file.

Game seed: 9658375892105455659

172 masschaos23 the Trooper (level 5, 0/50 HPs)
             Began as a Hill Orc Fighter on Sept 18, 2022.
             Was a Follower of Beogh.
             Slain by an orc warrior
             ... wielding a +0 halberd
              (14 damage)
             ... on level 4 of the Dungeon.
             The game lasted 00:04:23 (3382 turns).

masschaos23 the Trooper (Hill Orc Fighter)          Turns: 3382, Time: 00:04:25

Health: 0/50       AC:  7    Str: 21    XL:     5   Next: 53%
Magic:  5/5        EV:  9    Int:  8    God:    Beogh [*.....]
Gold:   140        SH:  4    Dex: 10    Spells: 4/4 levels left

rFire   + . .      SeeInvis .   a - +0 war axe
rCold   + . .      Faith    .   c - +0 buckler
rNeg    . . .      Spirit   .   b - +0 scale mail
rPois   .          Reflect  .   (no helmet)
rElec   .          Harm     .   v - scarf {rC+ rF+}
rCorr   .          Rampage  .   (no gloves)
Will    .....                   (no boots)
Stlth   ..........              (no amulet)
HPRegen 0.16/turn               (no ring)
MPRegen 0.09/turn               (no ring)

@: lethally poisoned (0 -> -6)
A: no striking features
a: Renounce Religion


You were on level 4 of the Dungeon.
You worshipped Beogh.
Beogh was aware of your devotion.
You visited 1 branch of the dungeon, and saw 4 of its levels.

You collected 140 gold pieces.

Inventory:

Hand Weapons
 a - a +0 war axe (weapon)
Missiles
 m - 3 atropa-tipped darts (quivered)
 n - 10 poisoned darts
Armour
 b - a +0 scale mail (worn)
 c - a +0 buckler (worn)
 v - a scarf of resistance (worn)
Jewellery
 h - a +6 ring of dexterity
Scrolls
 e - a scroll of immolation {unknown}
 f - 2 scrolls of poison {unknown}
 g - a scroll of fog {unknown}
 i - a scroll of teleportation {unknown}
 j - a scroll of enchant armour {unknown}
 o - a scroll of vulnerability {unknown}
 p - 2 scrolls of identify {unknown}
 r - a scroll of blinking {unknown}
 u - a scroll of silence {unknown}
Potions
 d - a potion of might
 k - 2 potions of degeneration {unknown}
 l - 4 potions of curing {unknown}
 q - a potion of resistance {unknown}
 s - a potion of berserk rage {unknown}
 t - a potion of heal wounds {unknown}


   Skills:
 * Level 5.8 Fighting
 + Level 3.9 Axes
 + Level 4.1 Armour
 - Level 0.1 Dodging
 + Level 3.7 Shields


You had 4 spell levels left.
You didn't know any spells.
Your spell library contained the following spells:

 Spells                   Type           Power      Damage    Failure   Level
 Ignite Poison            Fire/Tmut/Pois 0%         N/A       99%         3
 Mephitic Cloud           Conj/Pois/Air  0%         N/A       99%         3
 Freezing Cloud           Conj/Ice/Air   0%         6-21      100%        5


Dungeon Overview and Level Annotations

Branches:
Dungeon (4/15)
 Temple: D:4-7

Altars:


Message History

A hound comes into view.
You slash the orc!
You kill the orc!
Beogh accepts your kill.
You hit the orc but do no damage. You hit the water moccasin.
The water moccasin bites you. The orc hits you but does no damage.
The orc warrior hits you from afar with a +0 halberd!
Unknown command.
You hit the orc.
The orc is heavily wounded.
You hit the water moccasin.
The water moccasin bites you but does no damage.
The orc barely misses you. You block the water moccasin's attack.
The orc warrior hits you but does no damage.
You barely miss the orc.
The orc is heavily wounded.
You slash the water moccasin! You block the water moccasin's attack.
The orc hits you but does no damage. The orc warrior closely misses you.
The water moccasin bites you.
You are poisoned.
The water moccasin poisons you! The orc hits you but does no damage.
An orc comes into view. It is wielding a +0 whip.
The orc warrior closely misses you.
You closely miss the orc.
The orc is heavily wounded.
You closely miss the water moccasin.
You feel very sick.
The orc shouts!
The water moccasin barely misses you.
The orc warrior hits you from afar with a +0 halberd.
The orc hits you with a +0 dagger. The water moccasin barely misses you.
You closely miss the orc.
The orc is heavily wounded.
You hit the water moccasin.
You feel very sick.
A hound comes into view.
The water moccasin barely misses you.
The orc warrior hits you from afar with a +0 halberd!
You die...
Beogh appreciates the orc warrior's killing of a heretic priest.

.. .## .# [.#
... .# # ... ..
.#.###. #....
.#..... #..#.
....... ...
..o..
...###S##gh#
......)@oo.#
....#####o......
. .>.....
.#.#### ...# #.
# .# .#


You could see an orc warrior, a water moccasin, a hound, 3 orcs and a hobgoblin.

Vanquished Creatures
  4 gnolls (D:3)
  5 adders
  3 worms
  A dart slug (D:3)
  4 orcs (D:4)
  7 endoplasms
  4 giant cockroaches
  5 goblins
  4 hobgoblins
  4 jackals (D:2)
  5 kobolds
  A quokka (D:1)
  8 ball pythons
  6 bats
  4 frilled lizards
  11 rats
76 creatures vanquished.

Vanquished Creatures (others)
  An endoplasm (D:3)
  A rat (D:3)
  2 plants (D:1)
4 creatures vanquished.

Grand Total: 80 creatures vanquished

Notes
Turn   | Place    | Note
-------+----------+-------------------------------------------
     0 | D:1      | masschaos23 the Hill Orc Fighter began the quest for the
                  | Orb.
     0 | D:1      | Reached XP level 1. HP: 19/19 MP: 1/1
   289 | D:1      | Reached XP level 2. HP: 26/27 MP: 2/2
   864 | D:1      | Reached XP level 3. HP: 33/33 MP: 3/3
   876 | D:1      | Found a faded altar of an unknown god.
  1489 | D:2      | Reached skill level 4 in Fighting
  1661 | D:2      | Reached XP level 4. HP: 41/41 MP: 4/4
  1668 | D:2      | Reached skill level 5 in Fighting
  2429 | D:3      | Became a worshipper of Beogh the Brigand
  2890 | D:3      | Reached XP level 5. HP: 39/48 MP: 5/5
  3372 | D:4      | Noticed an orc warrior
  3374 | D:4      | Noticed a water moccasin
  3377 | D:4      | Reached * piety under Beogh
  3382 | D:4      | Slain by an orc warrior

Illustrated notes

Levels and vault maps discovered:
D:1:      minmay_arrival_cross, layout_loops_corners,
          ebering_ecumenical_altar_webs, serial_bayou_crossing
D:2:      layout_basic
D:3:      kb_forest_paths, layout_basic, hex_tiny
D:4:      minmay_evil_eye, layout_loops_ring, amcnicky_altar_gilded,
          nicolae_ossuary_entry_ruins

Skill      XL: |  1  2  3  4  5 |
---------------+----------------+-----
Axes           | 3 |  3.9
Fighting       | 4 5 |  5.8
Armour         | 4 |  4.1
Dodging        | |  0.1
Shields        | |  3.7

Action                   |  1- 3 |  4- 6 || total
-------------------------+-------+-------++-------
Melee: War axe           |    96 |   130 ||   226
Invok: Convert to Beogh  |       |     1 ||     1
Armor: Scale mail        |    50 |    76 ||   126
Dodge: Dodged            |    56 |    76 ||   132
Block: Buckler           |    22 |    37 ||    59
